Map: Dreamcatcher LE

Players

JJbiggles

  • Race: Protoss Protoss
  • League: Gold
  • Spawn Location: 11:00

Michael - Winner!

  • Race: Zerg Zerg
  • Spawn Location: 5:00

VOD

Have the link to the VOD?

Description

Time

  • Played on: Sept. 8, 2018, 5:44 p.m.
  • Length: 10:59
Show
View Real Time Build Order
Export as new Build Order

JJbiggles Protoss 

Build Orders:  

Get SALT Encoding   

  12  0:01  Probe  
  13  0:14  Probe  
  14  0:21  Pylon  
  14  0:26  Probe  
  15  0:41  Probe  
  15  0:45  Forge  
  16  0:50  Probe  
  17  0:59  Probe  
  18  1:11  Probe  
  19  1:16  Gateway  
  19  1:30  Pylon  
  19  1:41  Gateway  
  19  1:49  Pylon  
  19  1:55  Probe  
  20  2:02  Nexus  
  20  2:07  Probe  
  21  2:10  Photon Cannon  
  21  2:16  Pylon  
  21  2:23  Photon Cannon  
  21  2:29  Assimilator  
  21  2:32  Assimilator  
  21  2:38  Cybernetics Core  
  21  2:55  Photon Cannon  
  21  3:02  Pylon  
  21  3:11  Pylon  
  21  3:23  Shield Battery  
  23  3:28  Stalker  
  23  3:29  Shield Battery  
  23  3:32  Probe  
  23  3:40  Probe  
  25  3:50  Probe  
  26  4:04  Probe  
  26  4:07  Pylon  
  27  4:12  Probe  
  27  4:13  Assimilator  
  27  4:14  Assimilator  
  28  4:18  Stargate  
  28  4:22  Probe  
  28  4:27  Photon Cannon  
  29  4:32  Probe  
  30  4:40  Probe  
  31  4:48  Probe  
  31  4:49  Protoss Shields Level 1  
  32  5:00  Photon Cannon, Probe, Shield Battery  
  32  5:05  Photon Cannon  
  33  5:09  Probe  
  34  5:17  Probe  
  35  5:26  Probe  
  35  5:32  Probe  
  37  5:36  Void Ray  
  37  5:38  Probe  
  42  5:44  Probe  
  43  5:51  Probe  
  43  5:56  Stargate  
  44  6:03  Probe, Pylon  
  45  6:07  Photon Cannon  
  45  6:15  Probe  
  46  6:21  Nexus  
  46  6:30  Probe  
  46  6:34  Stargate  
  46  6:38  Probe  
  46  6:39  Stargate  
  47  6:42  Photon Cannon  
  47  6:46  Pylon  
  48  6:47  Probe  
  49  6:57  Pylon  
  49  6:59  Pylon  
  49  7:12  Void Ray x2  
  49  7:14  Pylon  
  57  7:17  Pylon  
  57  7:21  Assimilator  
  57  7:23  Fleet Beacon  
  57  7:25  Assimilator  
  57  7:35  Void Ray x2  
  65  8:00  Cybernetics Core  
  65  8:01  Carrier x2  
  65  8:06  Forge  
  77  8:17  Mothership  
  77  8:18  Probe  
  77  8:26  Probe  
  78  8:30  Graviton Catapult  
  87  8:35  Probe  
  78  9:54  Tempest  
  78  9:56  Tempest x2  
  78  10:05  Tempest  
Show
View Real Time Build Order
Export as new Build Order

Michael Zerg - Winner!

Build Orders: Hatch First 

Get SALT Encoding   

  12  0:01  Drone  
  13  0:12  Overlord  
  13  0:17  Drone  
  14  0:30  Drone  
  14  0:31  Drone  
  14  0:34  Drone  
  17  0:45  Drone  
  18  0:58  Hatchery  
  18  1:00  Drone  
  18  1:08  Extractor  
  17  1:16  Spawning Pool  
  17  1:18  Drone  
  17  1:22  Drone  
  18  1:29  Drone  
  19  1:38  Drone  
  20  1:49  Overlord  
  20  2:06  Queen  
  22  2:09  Metabolic Boost  
  22  2:11  Queen  
  22  2:13  Zergling x4  
  22  2:15  Zergling x2  
  27  2:21  Drone  
  27  2:22  Drone  
  29  2:34  Roach Warren  
  29  2:35  Drone  
  29  2:39  Drone  
  30  2:45  Overlord  
  30  2:49  Drone  
  30  2:55  Drone x2  
  31  3:10  Drone x2  
  31  3:19  Drone  
  32  3:24  Overlord, Hatchery  
  31  3:32  Lair  
  31  3:36  Extractor  
  31  3:40  Drone, Spore Crawler  
  30  3:42  Drone  
  30  3:45  Drone  
  30  3:48  Drone  
  33  3:50  Drone  
  34  4:02  Spore Crawler  
  33  4:05  Queen  
  33  4:06  Drone  
  33  4:07  Drone  
  33  4:08  Drone  
  38  4:11  Drone  
  38  4:13  Drone  
  40  4:18  Overlord  
  40  4:23  Overlord  
  40  4:28  Drone  
  40  4:29  Drone x2  
  43  4:31  Drone  
  43  4:37  Overlord  
  44  4:40  Overlord  
  44  4:46  Evolution Chamber  
  44  4:50  Drone, Hydralisk Den  
  44  4:51  Drone  
  44  4:55  Queen  
  46  5:02  Drone x3  
  46  5:03  Drone  
  46  5:05  Drone  
  51  5:07  Drone  
  51  5:08  Drone  
  51  5:10  Drone  
  54  5:25  Muscular Augments  
  54  5:27  Glial Reconstitution, Zerg Ground Armor Level 1  
  54  5:34  Infestation Pit  
  53  5:43  Drone x3  
  53  5:45  Extractor  
  53  5:47  Extractor  
  53  5:48  Drone x8, Spore Crawler, Spine Crawler  
  60  5:57  Hydralisk x3  
  60  5:59  Hydralisk  
  60  6:02  Hydralisk  
  70  6:10  Drone  
  71  6:12  Drone x2  
  71  6:13  Drone  
  76  6:18  Roach x2  
  76  6:19  Roach x2  
  76  6:24  Overlord x3  
  82  6:25  Overlord  
  82  6:37  Grooved Spines  
  82  6:42  Extractor  
  82  6:43  Extractor  
  82  6:44  Drone x6  
  86  6:51  Roach x5  
  86  6:52  Roach x2  
  100  6:59  Roach x3  
  106  7:10  Hive  
  106  7:21  Zerg Missile Weapons Level 1  
  106  7:29  Hydralisk x4  
  110  7:31  Overlord x4  
  110  7:32  Overlord x3  
  112  7:57  Roach x3  
  112  7:58  Roach x10  
  128  8:05  Ravager x5  
  131  8:19  Roach x9  
  149  8:35  Zergling x14  
  142  9:13  Hydralisk x12  
  138  9:31  Hydralisk x4  
  138  9:32  Hydralisk x2  
  138  9:37  Hydralisk x3  
  139  9:51  Hydralisk x3  
  131  9:56  Queen x3  
  133  10:01  Spore Crawler  
  133  10:03  Spore Crawler  
  129  10:07  Spore Crawler  
  129  10:09  Hydralisk x3, Spore Crawler  
  129  10:10  Hydralisk  
  129  10:11  Spore Crawler  
  134  10:25  Hydralisk x4  
  134  10:26  Hydralisk  
Tags
 
League
Gold
Matchup
PvZ
Spawn Locations
Cross Positions
Add a new tag
Caveats
  • Supply blocks, unpowered buildings, or Contaminate may cause inaccurate times.
  • Supply counts are checked every 10 seconds.